 Dungeon Crawl Stone Soup version 0.23-a0-151-gf6d1ed2 (webtiles) character file.

1184 Gildeon the Quickloader (level 8, -2/62 HPs)
             Began as a Human Hunter on Sept 8, 2018.
             Was a Follower of Dithmenos.
             Killed from afar by an orc wizard (6 damage)
             ... with a magic dart
             ... on level 6 of the Dungeon.
             The game lasted 00:15:46 (5131 turns).

Gildeon the Quickloader (Human Hunter)              Turns: 5131, Time: 00:15:47

Health: -2/62      AC:  4    Str: 13    XL:     8   Next: 70%
Magic:  8/8        EV: 12    Int: 11    God:    Dithmenos [*.....]
Gold:   226        SH:  0    Dex: 16    Spells: 7/7 levels left

rFire    + . .     SeeInvis .   a - +2 hand crossbow
rCold    . . .     Gourm    .   (no shield)
rNeg     . . .     Faith    .   c - +0 leather armour
rPois    .         Spirit   .   (no helmet)
rElec    .         Reflect  .   (no cloak)
rCorr    .         Harm     .   (no gloves)
MR       .....                  g - +0 pair of boots
Stlth    ++++......             t - amulet of rage
HPRegen  0.20/turn              e - ring of stealth
MPRegen  0.11/turn              v - ring of protection from fire

@: lethally poisoned (-2 -> -14), wreathed by umbra
A: no striking features
a: Renounce Religion, Evoke Berserk Rage


You were on level 6 of the Dungeon.
You worshipped Dithmenos.
Dithmenos was aware of your devotion.
You were not hungry.

You visited 1 branch of the dungeon, and saw 6 of its levels.

You collected 226 gold pieces.

Inventory:

Hand Weapons
 a - a +2 hand crossbow (weapon)
 j - a +0 spear
 m - a +0 trident
Missiles
 d - 13 bolts (quivered)
Armour
 c - a +0 leather armour (worn)
 g - a +0 pair of boots (worn)
Jewellery
 e - a ring of stealth (left hand)
 o - an uncursed ring of magical power
 t - an amulet of rage (around neck)
 v - a ring of protection from fire (right hand)
 y - an uncursed amulet of the acrobat {unknown}
Wands
 p - a wand of enslavement (18)
Scrolls
 b - a scroll of teleportation
 n - 3 scrolls of remove curse
 w - a scroll of fear {unknown}
 x - a scroll of blinking {unknown}
 A - 2 scrolls of immolation {unknown}
 C - a scroll of summoning {unknown}
 D - a scroll of fog
 E - a scroll of magic mapping {unknown}
Potions
 h - 2 potions of haste
 i - 2 potions of ambrosia
 k - 4 potions of curing {unknown}
 l - 2 potions of mutation {unknown}
 q - a potion of heal wounds {unknown}
 r - a potion of flight {unknown}
 s - a potion of invisibility {unknown}
 u - a potion of resistance {unknown}
 B - a potion of might {unknown}
Comestibles
 f - 11 rations


   Skills:
 - Level 5.0 Fighting
 * Level 8.0 Crossbows
 + Level 2.3 Dodging
 - Level 5.1 Stealth
 + Level 0.9 Evocations


You had 7 spell levels left.
You didn't know any spells.
Your spell library was empty.

Dungeon Overview and Level Annotations

Branches:
Dungeon (6/15)
 Temple: D:4-7

Altars:
Dithmenos
Elyvilon
Gozag
Hepliaklqana
Ru

Shops:
D:4 [


Message History

A howler monkey zombie comes into view.
You eat one of the 12 rations.
That ration really hit the spot!
You feel sick.
An orc comes into view. It is wielding a short sword.
Firing (i - inventory)
d - 15 bolts (quivered)
Press: ? - help, Shift-Dir - straight line, f - orc warrior
Aim: an orc warrior, wielding a war axe of electrocution and wearing a plate You shoot a bolt.
The bolt barely misses the orc warrior.
You feel sick.
The orc warrior hits you with a war axe of electrocution!!
You are electrocuted!
* * * LOW HITPOINT WARNING * * *
Firing (i - inventory)
d - 14 bolts (quivered)
Press: ? - help, Shift-Dir - straight line, f/p - orc warrior
Aim: an orc warrior, wielding a war axe of electrocution and wearing a plate You shoot a bolt.
The bolt closely misses the orc warrior.
* * * LOW HITPOINT WARNING * * *
You feel sick. The orc warrior barely misses you.
The orc wizard casts a spell at you. The magic dart hits you!
You die...

#...# ##### #...# .(
...# #...# (o.
#.###...# ########)..
#.......# #...Z).(...
###.......# #.....o....
#<'.......###..........
###.........#o.........
##........@o(....(...
#.####[..####...##..
#.# #...# ....... ...
#...# ....... ##..
#...# .....#. #..#
#...# .###.# ##### ..
.# .. $


You could see an orc warrior, an orc wizard, an orc and a howler monkey zombie.

Vanquished Creatures
  Pikel (D:5)
  A slave (D:5)
  A phantom (D:5)
  A centaur (D:5)
  A wyvern zombie (D:6)
  A scorpion (D:4)
  3 hounds
  An orc priest (D:3)
  2 bullfrog skeletons
  3 orc wizards
  An iguana (D:4)
  2 worker ants
  A hound skeleton (D:4)
  7 adders
  A howler monkey skeleton (D:5)
  A worm (D:3)
  2 leopard geckos (D:2)
  12 orcs
  2 giant cockroaches
  4 goblins
  9 hobgoblins
  6 jackals
  A quokka (D:2)
  2 ball pythons
  3 bats
  6 frilled lizards
  5 kobolds
  8 rats
  2 plants (D:3)
90 creatures vanquished.

Notes
Turn   | Place    | Note
-------+----------+-------------------------------------------
     0 | D:1      | Gildeon the Human Hunter began the quest for the Orb.
     0 | D:1      | Reached XP level 1. HP: 16/16 MP: 1/1
   312 | D:1      | Reached XP level 2. HP: 22/22 MP: 2/2
   810 | D:2      | Reached XP level 3. HP: 28/28 MP: 3/3
  2066 | D:3      | Reached XP level 4. HP: 33/34 MP: 4/4
  2236 | D:3      | Found a white marble altar of Elyvilon.
  2247 | D:3      | Found a shadowy altar of Dithmenos.
  2262 | D:3      | Found an opulent altar of Gozag.
  2277 | D:3      | Became a worshipper of Dithmenos the Shadowed
  2283 | D:3      | Found a sacrificial altar of Ru.
  2481 | D:3      | Reached skill level 5 in Crossbows
  2703 | D:3      | Reached XP level 5. HP: 40/40 MP: 5/5
  3148 | D:3      | Reached XP level 6. HP: 9/47 MP: 6/6
  3523 | D:4      | Found Laesch's Antique Armour Shoppe.
  3627 | D:4      | Reached skill level 6 in Crossbows
  3738 | D:4      | Reached XP level 7. HP: 50/53 MP: 7/7
  3749 | D:4      | Found a shadowy altar of Dithmenos.
  4117 | D:5      | Entered Level 5 of the Dungeon
  4232 | D:5      | Found a hazy altar of Hepliaklqana.
  4314 | D:5      | Reached * piety under Dithmenos
  4627 | D:5      | Noticed Pikel
  4639 | D:5      | Killed Pikel
  4639 | D:5      | Reached skill level 5 in Fighting
  4639 | D:5      | Reached skill level 7 in Crossbows
  4639 | D:5      | Reached skill level 5 in Stealth
  4639 | D:5      | Reached XP level 8. HP: 23/62 MP: 8/8
  5107 | D:6      | Reached skill level 8 in Crossbows
  5131 | D:6      | Killed from afar by an orc wizard

Vault maps used:
D:1:      minmay_arrival_solitary_statue
D:3:      grunt_temple_overflow_cloverleaf, serial_bayou_lagoon_a, dk_vineyard_1
D:4:      serial_shops, nicolae_shop_behind_doors, first_ration,
          hangedman_decor_diamond_cutter, abandoned_shop,
          nicolae_dithmenos_shadow_blocks
D:5:      overflow_temple_1_default, uniq_pikel
D:6:      hangedman_cross_stitches, temple_fountains

Skill      XL: |  1  2  3  4  5  6  7  8 |
---------------+-------------------------+-----
Stealth        | 2 3 5 |  5.1
Crossbows      | 5 6 7 8 |  8.0
Fighting       | 3 5 |  5.0
Dodging        | |  2.3
Evocations     | |  0.9

Action                   |  1- 3 |  4- 6 |  7- 9 || total
-------------------------+-------+-------+-------++-------
Melee: Spear             |       |   112 |       ||   112
 Fire: Hand crossbow     |    79 |    97 |    90 ||   266
  Use: Scroll            |     1 |     4 |     2 ||     7
  Eat: Chunk             |     3 |     6 |     3 ||    12
       Ration            |       |       |     1 ||     1
Armor: Leather armour    |     2 |     6 |     3 ||    11
Dodge: Dodged            |    17 |    35 |    25 ||    77

Table legend:
 A = Non-vault XP
 B = Vault XP
 C = Vault XP percentage of total XP
 D = Non-vault monster count
 E = Vault monster count
 F = Vault count percentage of total count
                 A         B        C        D         E       F
            +---------+---------+-------+---------+---------+-------
      Total |    1067 |     625 |  36.9 |      85 |       2 |   2.3
            +---------+---------+-------+---------+---------+-------
        D:1 |      28 |       0 |   0.0 |      18 |       0 |   0.0
        D:2 |      38 |       0 |   0.0 |      16 |       0 |   0.0
        D:3 |     201 |       0 |   0.0 |      22 |       0 |   0.0
        D:4 |     318 |       0 |   0.0 |      16 |       0 |   0.0
        D:5 |     358 |     593 |  62.4 |       9 |       1 |  10.0
        D:6 |     124 |      32 |  20.5 |       4 |       1 |  20.0
            +---------+---------+-------+---------+---------+-------
